 Dungeon Crawl Stone Soup version 0.31-a0-986-g5e6e4ef867 (webtiles) character file.

Game seed: 14963356948103540193

1855 mattiecakes the Trooper (level 9, -7/57 HPs)
             Began as a Gargoyle Fighter on Nov 14, 2023.
             Was an Initiate of Qazlal.
             Killed by divine providence
             ... invoked by an orc priest
              (10 damage)
             ... on level 6 of the Dungeon.
             The game lasted 00:09:31 (5681 turns).

mattiecakes the Trooper (Gargoyle Fighter)          Turns: 5681, Time: 00:09:31

Health: -7/57      AC: 15    Str: 22      XL:     9   Next: 12%
Magic:  9/9        EV:  8    Int:  9      God:    Qazlal [......]
Gold:   244        SH:  9    Dex: 11 (13) Spells: 8/8 levels left

rFire   + . .        a - +0 war axe
rCold   . . .        j - +0 kite shield
rNeg    + . .        n - +1 scale mail {rF+}
rPois   ∞            (helmet restricted)
rElec   +            (no cloak)
rCorr   .            (no gloves)
SInv    .            (no boots)
Will    .....        (no amulet) Stlth
                     (no ring)
HPRegen 0.29/turn    (no ring)
MPRegen 0.11/turn

%: no passive effects
@: no status effects
A: sickness immunity, AC +6, negative energy resistance 1, electricity
resistance, torment resistance 1, petrification resistance, antennae 1, agile 1
a: Renounce Religion


You were on level 6 of the Dungeon.
You worshipped Qazlal.
Qazlal was noncommittal.
You visited 2 branches of the dungeon, and saw 7 of its levels.

You collected 244 gold pieces.

Inventory:

Hand Weapons
 a - a +0 war axe (weapon)
Armour
 e - a +0 helmet
 j - a +0 kite shield (worn)
 n - a +1 scale mail of fire resistance (worn)
Wands
 g - a wand of iceblast (4)
Scrolls
 b - 5 scrolls of identify {unknown}
 c - a scroll of fog {unknown}
 d - a scroll of torment {unknown}
 f - 3 scrolls of poison {unknown}
 h - a scroll of enchant weapon {unknown}
 i - a scroll of brand weapon {unknown}
 k - a scroll of blinking {unknown}
 m - a scroll of amnesia {unknown}
 p - 2 scrolls of teleportation {unknown}
 q - a scroll of immolation {unknown}
Potions
 l - 2 potions of mutation


   Skills:
 + Level 7.1 Fighting
 + Level 5.5 Axes
 + Level 7.1 Armour
 + Level 7.1 Shields


You had 8 spell levels left.
You didn't know any spells.
Your spell library contained the following spells:

 Spells                   Type           Power      Damage    Failure   Level
 Summon Small Mammal      Summ           0%         N/A       89%         1
 Call Canine Familiar     Summ           0%         N/A       99%         3
 Sigil of Binding         Hex            0%         N/A       99%         3
 Summon Guardian Golem    Hex/Summ       0%         N/A       99%         3
 Tukima's Dance           Hex            0%         N/A       99%         3
 Dimensional Bullseye     Hex/Tloc       0%         N/A       100%        4
 Leda's Liquefaction      Hex/Erth       0%         N/A       100%        4
 Passage of Golubria      Tloc           0%         N/A       100%        4
 Yara's Violent Unravell  Hex/Tmut       0%         3d3       100%        5
 Orb of Destruction       Conj           0%         9d5       100%        7
 Spellforged Servitor     Conj/Summ      0%         N/A       100%        7


Dungeon Overview and Level Annotations

Branches:
Dungeon (6/15)             Temple (1/1) D:5

Altars:
Ashenzari
Cheibriados
Dithmenos
Elyvilon
Fedhas
Gozag
Hepliaklqana
Kikubaaqudgha
Makhleb
Nemelex Xobeh
Okawaru
Qazlal
Ru
Sif Muna
Trog
Uskayaw
Vehumet
Wu Jian
Xom
Yredelemnul
The Shining One


Innate Abilities, Weirdness & Mutations

You are immune to sickness and miasma.
Your stone body is resilient. (AC +6)
You are immune to poison.
You resist negative energy. (rN+)
You are resistant to electric shocks. (rElec)
You are resistant to unholy torment.
You are immune to petrification.
You have a pair of small antennae on your head.
You are agile. (Dex +4, Str/Int -1)


Message History

You block the orc warrior's attack.
Unknown command.
You closely miss the orc warrior.
The orc warrior is lightly wounded.
You block the orc warrior's attack.
You closely miss the orc warrior.
The orc warrior is lightly wounded.
The orc warrior hits you but does no damage.
The orc warrior barely misses you.
You hit the orc warrior.
The orc warrior is moderately wounded.
The orc warrior hits you with a +0 scimitar.
Unknown command.
You hit the orc warrior.
The orc warrior is heavily wounded.
The orc warrior hits you with a +0 scimitar.
You barely miss the orc warrior.
The orc warrior is heavily wounded.
The orc warrior hits you with a +0 scimitar.
The orc warrior hits you but does no damage.
The orc priest calls down the wrath of Beogh upon you.
Beogh smites you!
Unknown command.
You are too injured to fight recklessly!
You are too injured to fight recklessly!
You slash the orc warrior!
The orc warrior is severely wounded.
The orc warrior hits you with a +0 scimitar!
You hit the orc warrior but do no damage.
The orc warrior is severely wounded.
The orc warrior hits you with a +0 scimitar.
* * * LOW HITPOINT WARNING * * *
You barely miss the orc warrior.
The orc warrior is severely wounded.
The orc warrior hits you with a +0 scimitar!
* * * LOW HITPOINT WARNING * * *
You block the orc warrior's attack.
The orc priest calls down the wrath of Beogh upon you.
Beogh smites you!
You die... ..##.........# #...# #.........# #...# #.........# #...# #.........# #...# #.....<...# #...# #........## .oo

#........# #o#
#.......## #@###
#..###...#
#...##### ##..###
#....<#### #.....
####.....####...##
####.......###
###....## ###.##
#.# ###########.#


You could see an orc warrior, an orc priest and an orc.

Vanquished Creatures
  Pikel (D:4)
  Sigmund (D:2)
  The ghost of Pokonic1 the Vexing, an amateur DsEn of Sif Muna (D:4)
  Duvessa (D:5)
  A black bear (D:5)
  Blork the orc (D:5)
  A kobold brigand (D:6)
  3 scorpions
  A bullfrog (D:6)
  Dowan (D:5)
  A water moccasin skeleton (D:4)
  The ghost of gogogogo the Insei, a weakling OpSh (D:3)
  A jelly (D:4)
  A bullfrog zombie (D:4)
  A hound (D:5)
  A bullfrog skeleton (D:4)
  Terence (D:3)
  3 orc wizards
  Natasha (D:4)
  An iguana (D:6)
  4 gnolls
  5 adders
  A worm (D:5)
  2 dart slugs
  6 orcs
  2 endoplasms
  3 giant cockroaches
  12 hobgoblins
  A quokka (D:3)
  4 ball pythons
  3 bats
  4 goblins
  8 kobolds
  4 rats
83 creatures vanquished.

Notes
Turn   | Place    | Note
-------+----------+-------------------------------------------
     0 | D:1      | mattiecakes the Gargoyle Fighter began the quest for the
                  | Orb.
     0 | D:1      | Reached XP level 1. HP: 14/14 MP: 1/1
   255 | D:1      | Reached XP level 2. HP: 19/19 MP: 2/2
  1028 | D:2      | Found a sparkling altar of Nemelex Xobeh.
  1074 | D:2      | Reached XP level 3. HP: 23/23 MP: 3/3
  1090 | D:2      | Noticed Sigmund
  1099 | D:2      | Gained mutation: You have a pair of small antennae on your
                  | head. [potion of mutation]
  1099 | D:2      | Gained mutation: You are agile. (Dex +4, Str/Int -1)
                  | [potion of mutation]
  1101 | D:2      | Killed Sigmund
  1102 | D:2      | Reached XP level 4. HP: 19/30 MP: 4/4
  1102 | D:2      | Reached XP level 5. HP: 22/34 MP: 5/5
  1491 | D:3      | Found a runed translucent door.
  1491 | D:3      | Noticed gogogogo's ghost (weakling OpSh)
  1536 | D:3      | Killed gogogogo's ghost
  1537 | D:3      | Reached XP level 6. HP: 39/39 MP: 6/6
  1564 | D:3      | Identified the +3 quarterstaff of Corruption {flame, rPois
                  | Int+2 Dex-5}
  1569 | D:3      | Noticed Terence
  1583 | D:3      | Killed Terence
  2327 | D:3      | Found a faded altar of an unknown god.
  3032 | D:4      | Found a transporter.
  3036 | D:4      | Noticed Pokonic1's ghost (amateur DsEn)
  3080 | D:4      | Reached skill level 5 in Fighting
  3080 | D:4      | Reached skill level 5 in Armour
  3080 | D:4      | Reached skill level 5 in Shields
  3080 | D:4      | Reached XP level 7. HP: 41/44 MP: 7/7
  3223 | D:4      | Found a transporter.
  3436 | D:4      | Noticed Natasha
  3439 | D:4      | Killed Natasha
  3626 | D:4      | Noticed Pikel
  3658 | D:4      | Killed Pikel
  3659 | D:4      | Reached XP level 8. HP: 5/51 MP: 8/8
  4040 | D:4      | Killed Pokonic1's ghost
  4084 | D:5      | Entered Level 5 of the Dungeon
  4160 | D:5      | Noticed Blork the orc
  4168 | D:5      | Killed Blork the orc
  4227 | D:5      | Noticed Duvessa
  4227 | D:5      | Noticed Dowan
  4255 | D:5      | Killed Duvessa
  4256 | D:5      | Reached skill level 5 in Axes
  4263 | D:5      | HP: 1/52 [Dowan/shard of ice (28)]
  4269 | D:5      | Killed Dowan
  4682 | D:5      | Found a staircase to the Ecumenical Temple.
  4697 | Temple   | Entered the Ecumenical Temple
  4947 | Temple   | Became a worshipper of Qazlal Stormbringer
  5070 | D:5      | Reached XP level 9. HP: 55/56 MP: 9/9
  5681 | D:6      | Killed from afar by an orc priest

Illustrated notes

Levels and vault maps discovered:
D:1:      pf_arrival_petrified_forest, layout_loops_cross,
          hangedman_glass_teeth, serial_bayou_pond_b
D:2:      layout_loops_ring, basic_altar, grunt_ministairs_8, amethyst_killhole,
          minmay_tall_x, uniq_sigmund
D:3:      layout_loops_corners, hellmonk_ghost_happy_afterlife,
          nicolae_ecumenical_lake_church, chequers_serial_rivers_micro_a,
          uniq_terence
D:4:      layout_basic, gammafunk_ghost_mausoleum, minmay_crystal_room,
          uniq_natasha, uniq_pikel
D:5:      layout_basic, minmay_temple_entry_enclosed_plants,
          chequers_mini_garden, uniq_blork_the_orc, uniq_duvessa
D:6:      layout_cave_pods
Temple:   mainiacjoe_temple_archimedes_tessellation

Skill      XL: |  1  2  3  4  5  6  7  8  9 |
---------------+----------------------------+-----
Axes           | 2 3 4 5 |  5.5
Fighting       | 4 5 6 7 |  7.1
Armour         | 4 5 6 7 |  7.1
Shields        | 4 5 6 7 |  7.1

Action                     |  1- 3 |  4- 6 |  7- 9 || total
---------------------------+-------+-------+-------++-------
  Melee: War axe           |    81 |   117 |   199 ||   397
    Use: Potion            |     3 |     1 |     8 ||    12
 Armour: Scale mail        |    22 |       |    24 ||    46
         Chain mail        |    43 |    93 |   158 ||   294
  Dodge: Dodged            |    32 |    41 |    66 ||   139
  Block: Buckler           |    12 |     9 |       ||    21
         Kite shield       |       |    23 |   103 ||   126

Table legend: (Time is in decaauts)
 A = Elapsed time spent in this place.
 B = Non-inter-level travel time spent in this place.
 C = Inter-level travel time spent in this place.
 D = Time resting spent in this place.
 E = Time spent auto-exploring this place.
 F = Levels seen in this place.
 G = Mean time per level.
                   A        B        C        D        E       F      G
               +--------+--------+--------+--------+--------+-----+--------+
         Total |   5836 |   5361 |    475 |    853 |   3512 |   7 |  833.7 |
       Dungeon |   5688 |   5334 |    354 |    853 |   3500 |   6 |  948.0 |
        Temple |    147 |     27 |    120 |      0 |     12 |   1 |  147.0 |
               +--------+--------+--------+--------+--------+-----+--------+

Top non-repeatable levels by time:
     D:3: 1357 daAuts
     D:4: 1223 daAuts
     D:5: 1133 daAuts
     D:2: 976 daAuts
     D:1: 755 daAuts
     D:6: 241 daAuts
  Temple: 147 daAuts
